 Dungeon Crawl Stone Soup version 0.21-a0-286-g6fcecc0 (webtiles) character file.

265 nikopol the Chopper (level 5, -3/47 HPs)
             Began as a Minotaur Fighter on Sept 26, 2017.
             Slain by a gnoll
             ... wielding a +0 spear
              (8 damage)
             ... on level 3 of the Dungeon.
             The game lasted 00:03:45 (2274 turns).

nikopol the Chopper (Minotaur Fighter)              Turns: 2274, Time: 00:03:46

Health: -3/47      AC:  7    Str: 21    XL:     5   Next: 99%
Magic:  4/4        EV:  8    Int:  5    God:
Gold:   142        SH: 10    Dex: 10    Spells: 4/4 levels left

rFire    . . .     SeeInvis .   a - +0 war axe
rCold    . . .     Gourm    .   c - +0 shield
rNeg     . . .     Faith    .   b - +0 scale mail
rPois    .         Spirit   .   e - +0 hat
rElec    .         Reflect  .   (no cloak)
rCorr    .         Harm     .   (no gloves)
MR       .....                  (no boots)
Stlth    ..........             (no amulet)
HPRegen  0.15/turn              (no ring)
MPRegen  0.09/turn              (no ring)

@: no status effects
A: retaliatory headbutt, horns 2
a: no special abilities


You were on level 3 of the Dungeon.
You were not hungry.

You visited 1 branch of the dungeon, and saw 3 of its levels.

You collected 142 gold pieces.

Inventory:

Hand Weapons
 a - a +0 war axe (weapon)
Armour
 b - a +0 scale mail (worn)
 c - a +0 shield (worn)
 e - a +0 hat (worn)
Wands
 m - a wand of acid (8/15)
Scrolls
 h - 7 scrolls of identify {unknown}
 k - a scroll of magic mapping {unknown}
 l - a scroll of teleportation {unknown}
 n - a scroll of fog {unknown}
 o - 3 scrolls of amnesia {unknown}
Potions
 d - 3 potions of might
 i - 2 potions of agility {unknown}
 p - a potion of resistance {unknown}
 q - a potion of brilliance {unknown}
 r - a potion of heal wounds {unknown}
 s - a potion of flight {unknown}
Comestibles
 f - 5 bread rations
 g - 4 chunks of flesh
 j - 7 fruits


   Skills:
 + Level 4.4 Fighting
 + Level 5.0 Axes
 + Level 4.6 Armour
 + Level 1.5 Dodging
 + Level 0.1 Stealth
 + Level 5.0 Shields


You had 4 spell levels left.
You didn't know any spells.

Dungeon Overview and Level Annotations

Branches:
Dungeon (3/15)

Altars:
Gozag


Innate Abilities, Weirdness & Mutations

You reflexively headbutt those who attack you in melee.
You have a pair of horns on your head.


Message History

The bat closely misses you. You block the gnoll's attack.
You hit the gnoll but do no damage.
The gnoll is almost dead.
The bat hits you but does no damage. You block the gnoll's attack.
You barely miss the gnoll.
The gnoll is almost dead.
The bat hits you but does no damage. The gnoll hits you with a spear.
* * * LOW HITPOINT WARNING * * *
The gnoll hits you with a spear.
* * * LOW HITPOINT WARNING * * *
You closely miss the gnoll. Your headbutt misses the gnoll.
The gnoll is almost dead.
The bat hits you.
* * * LOW HITPOINT WARNING * * *
You block the gnoll's attack.
You closely miss the gnoll.
The gnoll is almost dead.
You closely miss the bat. The bat barely misses you.
The gnoll hits you with a spear!
You die...

..# #....#####
#############.# ..#
#....# #.........#
#.# ... #....#
#.#######.###.# ##.
###### #.#
#.........#
#########.#
#.....#####
........#.#########
........'........
.....b†.##.######
......)@# .#
......g.# .#
........# .#
........# .#
####'#### .# .. ...
#..


You could see a gnoll and a bat.

Vanquished Creatures
  The ghost of nikopol the Skirmisher, an amateur MiFi (D:3)
  3 adders
  6 gnolls (D:3)
  An ooze (D:3)
  3 worms
  A leopard gecko (D:3)
  An orc (D:3)
  2 ball pythons (D:2)
  8 giant cockroaches
  14 goblins
  7 hobgoblins
  2 jackals (D:1)
  A quokka (D:3)
  4 bats
  4 frilled lizards
  9 kobolds
  11 rats
78 creatures vanquished.

Notes
Turn   | Place    | Note
-------+----------+-------------------------------------------
     0 | D:1      | nikopol the Minotaur Fighter began the quest for the Orb.
     0 | D:1      | Reached XP level 1. HP: 19/19 MP: 0/0
    61 | D:1      | Reached XP level 2. HP: 14/27 MP: 1/1
   582 | D:1      | Reached XP level 3. HP: 32/33 MP: 2/2
  1190 | D:2      | Found a faded altar of an unknown god.
  1423 | D:2      | Reached XP level 4. HP: 38/40 MP: 3/3
  1809 | D:3      | Found an opulent altar of Gozag.
  1815 | D:3      | Noticed nikopol's ghost (amateur MiFi)
  1822 | D:3      | Killed nikopol's ghost
  1822 | D:3      | Reached skill level 1 in Dodging
  1822 | D:3      | Reached XP level 5. HP: 25/46 MP: 4/4
  2152 | D:3      | Reached skill level 5 in Axes
  2261 | D:3      | Reached skill level 5 in Shields
  2274 | D:3      | Slain by a gnoll

Vault maps used:
D:1:      lightli_iron_boxes
D:2:      kennysheep_the_goblin_king, chequers_ecumenical_altar_simple_redux,
          first_bread
D:3:      grunt_gozag_statues, supply_closet_lemuel

Skill      XL: |  1  2  3  4  5 |
---------------+----------------+-----
Fighting       | 4 |  4.4
Armour         | 4 |  4.6
Axes           | 3 4 5 |  5.0
Shields        | 4 5 |  5.0
Dodging        | 1 |  1.5
Stealth        | |  0.1

Action                   |  1- 3 |  4- 6 || total
-------------------------+-------+-------++-------
Melee: War axe           |   108 |    74 ||   182
       Headbutt          |    11 |    15 ||    26
  Eat: Chunk             |     2 |     3 ||     5
Armor: Scale mail        |    45 |    43 ||    88
Dodge: Dodged            |    34 |    36 ||    70
Block: Shield            |    78 |    47 ||   125

Table legend:
 A = Spawn XP
 B = Non-spawn XP
 C = Spawn XP percentage of total XP
 D = Spawn monster count
 E = Non-spawn monster count
 F = Spawn count percentage of total count
 G = Total turns spent on level
                    A         B        C        D         E        F      G
               +---------+---------+-------+---------+---------+-------+---------
         Total |       0 |     379 |   0.0 |       0 |      78 |   0.0 |  2274
               +---------+---------+-------+---------+---------+-------+---------
           D:1 |       0 |      47 |   0.0 |       0 |      29 |   0.0 |  1003
           D:2 |       0 |      52 |   0.0 |       0 |      19 |   0.0 |   594
           D:3 |       0 |     280 |   0.0 |       0 |      30 |   0.0 |   677
               +---------+---------+-------+---------+---------+-------+---------
